 Dungeon Crawl Stone Soup version 0.26-a0-672-g1df16c3 (webtiles) character file.

Game seed: 10391476079114584263

208539 Mopster the Severer (level 18, -3/173 HPs)
             Began as a Minotaur Berserker on Oct 18, 2020.
             Was a High Priest of Trog.
             Killed from afar by Nikola (23 damage)
             ... with a chain lightning
             ... on level 2 of the Spider Nest on Oct 19, 2020.
             The game lasted 03:33:42 (36219 turns).

Mopster the Severer (Minotaur Berserker)           Turns: 36219, Time: 03:33:42

Health: -3/173     AC: 31    Str: 25    XL:     18   Next: 13%
Magic:  18/18      EV: 13    Int:  5    God:    Trog [*****.]
Gold:   2448       SH: 15    Dex: 14    Spells: 19/19 levels left

rFire    . . .     SeeInvis .   F - +6 broad axe (flame)
rCold    + . .     Faith    .   q - +0 kite shield
rNeg     . . .     Spirit   .   s - +0 plate armour
rPois    +         Reflect  .   n - +2 hat
rElec    .         Harm     .   R - +2 cloak {rC+}
rCorr    .         Rampage  .   W - +2 pair of gloves
MR       +++..                  E - +2 pair of boots {Stlth+}
Stlth    ..........             v - amulet of the acrobat
HPRegen  1.38/turn              D - +4 ring of slaying
MPRegen  0.16/turn              a - ring of poison resistance

@: berserk cooldown, regenerating, slowed, very slow
A: retaliatory headbutt, horns 2
}: 1/15 runes: decaying
a: Berserk, Trog's Hand, Brothers in Arms, Renounce Religion


You were on level 2 of the Spider Nest.
You worshipped Trog.
Trog was extremely pleased with you.
You visited 5 branches of the dungeon, and saw 30 of its levels.
You also visited: Ice Cave and Volcano.

You collected 3051 gold pieces.
You spent 603 gold pieces at shops.

Inventory:

Hand Weapons
 k - a +2 vorpal battleaxe
 F - a +6 broad axe of flaming (weapon)
 L - the +0 war axe of Yredelemnul's Regard {flame, +Inv Str+5}
   (You found it on level 8 of the Dungeon)

   It has been specially enchanted to burn those struck by it, causing extra
   injury to most foes and up to half again as much damage against particularly
   susceptible opponents.
   Big, fiery blades are also staple armaments of hydra-hunters.
   It affects your strength (+5).
   It lets you turn invisible.
 Z - a +2 demon whip of venom
Armour
 n - a +2 hat (worn)
 q - a +0 kite shield (worn)
 s - a +0 plate armour (worn)
 E - a +2 pair of boots of stealth (worn)
 R - a +2 cloak of cold resistance (worn)
 W - a +2 pair of gloves (worn)
Jewellery
 a - a ring of poison resistance (right hand)
 i - an uncursed ring of positive energy
 v - an amulet of the acrobat (around neck)
 x - an uncursed ring of see invisible
 y - an uncursed ring of fire
 D - a +4 ring of slaying (left hand)
 G - an uncursed ring of stealth
 P - an uncursed amulet of regeneration
 Q - an uncursed ring of flight
Wands
 r - a wand of random effects (22)
 A - a wand of acid (16)
 B - a wand of disintegration (22)
 J - a wand of polymorph (37)
 K - a wand of flame (41)
 X - a wand of paralysis (17)
Scrolls
 d - 5 scrolls of remove curse
 h - 7 scrolls of enchant armour
 o - 3 scrolls of magic mapping
 p - a scroll of blinking
 t - 11 scrolls of teleportation
 w - 4 scrolls of enchant weapon
 I - 2 scrolls of fear
 M - 2 scrolls of silence
 N - 2 scrolls of holy word
 V - a scroll of brand weapon
 Y - 3 scrolls of immolation
Potions
 b - 4 potions of invisibility
 c - 3 potions of mutation
 e - 8 potions of might
 f - a potion of brilliance {unknown}
 g - 7 potions of haste
 j - 7 potions of stabbing
 l - 3 potions of lignification
 m - 13 potions of curing
 u - 6 potions of ambrosia
 z - 3 potions of heal wounds {unknown}
 C - 12 potions of flight
 S - a potion of berserk rage {unknown}
 T - 2 potions of resistance
 U - 2 potions of magic


   Skills:
 * Level 18.7 Fighting
 - Level 19.5 Axes
 - Level 1.5 Throwing
 * Level 17.4 Armour
 * Level 9.2 Dodging
 - Level 3.2 Stealth
 * Level 15.6 Shields
 - Level 1.7 Unarmed Combat
 - Level 1.0 Spellcasting
 - Level 1.4 Evocations


You had 19 spell levels left.
You didn't know any spells.
Your spell library contained the following spells:

 Spells                   Type           Power        Failure   Level
 Animate Skeleton         Necr           #.....       96%         1
 Apportation              Tloc           #.....       96%         1
 Corona                   Hex            #......      96%         1
 Magic Dart               Conj           #...         96%         1
 Summon Small Mammal      Summ           #...         96%         1
 Blink                    Tloc           N/A          99%         2
 Call Imp                 Summ           #.......     99%         2
 Slow                     Hex            #.......     99%         2
 Conjure Flame            Conj/Fire      #.......     100%        3
 Lesser Beckoning         Tloc           #.........   100%        3
 Mephitic Cloud           Conj/Pois/Air  #.......     100%        3
 Tukima's Dance           Hex            #.......     100%        3
 Alistair's Intoxication  Tmut/Pois      #........    100%        5
 Invisibility             Hex            #.......     100%        6


Dungeon Overview and Level Annotations

Branches:
Dungeon (15/15)            Temple (0/1) D:7            Lair (6/6) D:9
  Swamp (4/4) Lair:3       Spider (3/4) Lair:4        Slime (0/5) Lair:6
    Orc (2/2) D:10            Elf (0/3) Orc:2        Vaults (0/5) D:13
 Depths (0/5) D:15          IceCv (visited)         Volcano (visited)

Altars:
Ashenzari
Cheibriados
Makhleb
Qazlal
Sif Muna
Trog
Uskayaw
Vehumet
Wu Jian
Xom
Yredelemnul
The Shining One
Beogh

Shops:
Orc:2 :*=?

Annotations:
Spider:2 Nikola


Innate Abilities, Weirdness & Mutations

You reflexively headbutt those who attack you in melee.
You have a pair of horns on your head.


Message History

You feel your anger nearly subside.
You are no longer berserk.
You are exhausted.
You feel yourself slow down.
Nikola casts a spell.
You hear a mighty clap of thunder!
The lightning arc hits you!
* * * LOW HITPOINT WARNING * * *
The lightning arc hits Nikola.
The lightning arc hits you!
* * * LOW HITPOINT WARNING * * *
The lightning arc grounds out.
There is a web here.
You slash Nikola! You burn Nikola.
Nikola is lightly wounded.
Nikola completely misses you. You furiously retaliate!
You headbutt Nikola! You closely miss Nikola. Your headbutt misses Nikola.
Nikola is moderately wounded.
Nikola mumbles some strange words.
You hear a mighty clap of thunder!
The lightning arc hits you!!
You die...

......#...s)... ######
....^....@..... #..#.#
.........s....) #
#...†#########.§....##
#^###.............(.....
....#...................
...............>..(....#..
...........#.§..........#..
..........@#........#...##.
........#@≈........#....≈#
##......#≈###......#^.....
##.#...#.....^....#.(....
##≈...#........#.#......
####≈..#......^.≈≈#......
#.#####≈#......##.††..#.#
#.<##......^...≈#††...##≈
###.††##....#.....##...## .


You could see Nikola.

Vanquished Creatures
  Mara (Swamp:4)
  Jorgrun (Lair:4)
  3 thorn hunters (Swamp:4)
  A frost giant (IceCv)
  Aizul (Swamp:1)
  2 emperor scorpions (Spider:2)
  An entropy weaver (Spider:1)
  Nessos (Orc:2)
  An ettin (D:15)
  2 ogre magi (D:15)
  An ice dragon (Lair:6)
  17 hydras
  4 centaur warriors
  3 boulder beetles
  5 shambling mangroves
  2 catoblepae (Lair:6)
  10 alligators
  7 two-headed ogres
  13 death yaks
  3 orc high priests (Orc:1)
  3 tengu warriors
  A spriggan berserker (Swamp:4)
  2 hell knights
  2 unseen horrors
  A spriggan druid (Swamp:2)
  4 orc knights
  12 swamp dragons
  3 lindwurms
  A wolf spider zombie (D:15)
  2 orb spiders (Spider:2)
  13 wolf spiders
  2 deep elf magi
  19 ugly things
  A manticore (D:15)
  A moth of wrath (Spider:2)
  2 cyclopes
  18 elephants (Lair:6)
  7 black mambas
  Maurice (D:11)
  An eye of devastation (Lair:6)
  2 ice statues (IceCv)
  7 torpor snails
  A smoke demon (Volcano)
  3 gargoyles
  Joseph (D:8)
  17 cane toads
  A centaur skeleton (D:14)
  A molten gargoyle (Volcano)
  10 komodo dragons
  5 demonic crawlers
  4 rime drakes (Lair:6)
  A freezing wraith (D:15)
  A queen bee (shapeshifter) (D:13)
  A troll (shapeshifter) (D:14)
  12 jumping spiders
  18 polar bears
  6 meliai
  10 tyrant leeches
  23 hornets
  2 trolls (D:13)
  A queen bee (D:15)
  Grinder (D:4)
  19 slime creatures
  38 blink frogs
  5 bog bodies
  3 shadows
  A vampire (D:12)
  4 wraiths
  9 tarantellas
  9 spriggans
  6 wyverns
  17 redbacks
  2 fire bats (Volcano)
  4 basilisks
  31 yaks
  15 vampire mosquitoes (Swamp:1)
  3 wargs
  7 insubstantial wisps
  12 swamp worms
  12 water moccasins
  2 hell hounds (Volcano)
  45 orc warriors
  16 swamp drakes
  4 sky beasts
  4 black bears
  3 phantoms
  2 eyes of draining
  4 ice beasts
  2 necrophages
  5 boggarts (D:15)
  9 wolves (IceCv)
  23 ogres
  18 centaurs
  The ghost of thesequoiad the Ducker, an amateur OpWn (D:3)
  11 bullfrogs
  A wyvern zombie (D:9)
  A wyvern skeleton (D:10)
  3 scorpions
  27 wights
  23 killer bees
  5 electric eels
  A howler monkey (D:10)
  7 lava snakes (Volcano)
  A crimson imp (D:5)
  A bullfrog zombie (D:9)
  4 centaur zombies
  5 jellies
  3 hounds
  24 orc priests
  3 bullfrog skeletons
  Terence (D:2)
  3 iguanas
  35 orc wizards
  7 worker ants
  Robin (D:2)
  7 gnolls
  8 adders
  3 white imps
  3 oozes
  A worm (D:4)
  3 dart slugs
  4 leopard geckos
  86 orcs
  4 giant cockroaches
  6 hobgoblins
  9 jackals
  A quokka (D:5)
  2 ball pythons
  A ball python skeleton (D:4)
  8 bats
  5 frilled lizards
  12 goblins
  5 kobolds
  A leopard gecko zombie (D:5)
  5 rats
  4 briar patches (Swamp:4)
983 creatures vanquished.

Vanquished Creatures (collateral kills)
  A boulder beetle (D:13)
  A catoblepas (Lair:5)
  An orb spider (Spider:2)
  A cane toad (Lair:5)
  A gargoyle (D:13)
  A komodo dragon (D:13)
  2 jumping spiders (Spider:2)
  A troll (D:13)
  2 hornets (Lair:6)
  A wyvern (Lair:5)
  A swamp drake (Swamp:4)
  An orc warrior (Orc:2)
  5 centaurs
19 creatures vanquished.

Vanquished Creatures (others)
  An orb spider (Spider:2)
  A bog body (Swamp:4)
  A yak (Lair:6)
  2 orc warriors
  An orc wizard (Orc:2)
  3 briar patches (Swamp:4)
  21 fungi
  48 plants
78 creatures vanquished.

Grand Total: 1080 creatures vanquished

Notes
Turn   | Place    | Note
-------+----------+-------------------------------------------
     0 | D:1      | Mopster the Minotaur Berserker began the quest for the Orb.
     0 | D:1      | Reached XP level 1. HP: 19/19 MP: 0/0
   200 | D:1      | Reached skill level 4 in Axes
   200 | D:1      | Reached XP level 2. HP: 27/27 MP: 1/1
   385 | D:1      | Reached ** piety under Trog
   842 | D:2      | Reached XP level 3. HP: 33/33 MP: 2/2
   892 | D:2      | Found a faded altar of an unknown god.
   922 | D:2      | Noticed Terence
   931 | D:2      | Killed Terence
  1243 | D:2      | Reached XP level 4. HP: 41/41 MP: 3/3
  1288 | D:2      | Noticed Robin
  1300 | D:2      | Killed Robin
  1757 | D:2      | Found a shimmering altar of Xom.
  1857 | D:3      | Reached skill level 5 in Axes
  2330 | D:3      | Found a runed translucent door.
  2337 | D:3      | Noticed thesequoiad's ghost (amateur OpWn)
  2540 | D:3      | Reached skill level 1 in Stealth
  2540 | D:3      | Reached XP level 5. HP: 47/47 MP: 4/4
  2544 | D:3      | Killed thesequoiad's ghost
  2544 | D:3      | Reached skill level 5 in Fighting
  2927 | D:4      | Noticed Grinder
  2935 | D:4      | Killed Grinder
  2935 | D:4      | Reached skill level 6 in Axes
  2935 | D:4      | Reached XP level 6. HP: 56/56 MP: 5/5
  3040 | D:4      | Reached *** piety under Trog
  3116 | D:4      | Found a transporter.
  3163 | D:4      | Reached XP level 7. HP: 33/61 MP: 6/6
  3171 | D:4      | Reached skill level 7 in Axes
  3429 | D:4      | Found a transporter.
  3431 | D:4      | Found a bloodstained altar of Trog.
  3448 | D:4      | Reached skill level 8 in Axes
  3686 | D:4      | Found a snail-covered altar of Cheibriados.
  3699 | D:4      | Found a basalt altar of Yredelemnul.
  3733 | D:4      | Found a glowing golden altar of the Shining One.
  3738 | D:4      | Reached XP level 8. HP: 68/71 MP: 7/7
  4203 | D:5      | Entered Level 5 of the Dungeon
  4345 | D:5      | Reached skill level 9 in Axes
  4558 | D:5      | Found a burning altar of Makhleb.
  5124 | D:5      | Reached skill level 5 in Armour
  5460 | D:6      | Reached skill level 10 in Axes
  5849 | D:6      | Reached XP level 9. HP: 79/79 MP: 8/8
  5856 | D:6      | Reached **** piety under Trog
  5992 | D:6      | Found a shimmering blue altar of Sif Muna.
  6291 | D:6      | Noticed a two-headed ogre
  6299 | D:6      | Killed a two-headed ogre
  6299 | D:6      | Reached skill level 11 in Axes
  6651 | D:7      | Found a radiant altar of Vehumet.
  7278 | D:7      | Found an ornate altar of the Wu Jian Council.
  7299 | D:7      | Reached skill level 12 in Axes
  7325 | D:7      | Found a broken altar of Ashenzari.
  7336 | D:7      | Found a staircase to the Ecumenical Temple.
  7891 | D:8      | Got a crystal war axe
  7894 | D:8      | Identified the cursed +0 war axe of Yredelemnul's Regard
                  | {flame, +Inv Str+5} (You found it on level 8 of the
                  | Dungeon)
  8017 | D:8      | Noticed a two-headed ogre
  8018 | D:8      | Noticed Joseph
  8024 | D:8      | Killed a two-headed ogre
  8024 | D:8      | Reached XP level 10. HP: 90/90 MP: 9/9
  8032 | D:8      | Killed Joseph
  8422 | D:9      | Found a staircase to the Lair.
  8434 | D:9      | Reached skill level 13 in Axes
  8494 | D:9      | Noticed a +0 dagger
  8494 | D:9      | Noticed a +0 hand axe
  8537 | D:9      | Found a hide-covered altar of Uskayaw.
  9216 | D:10     | Entered Level 10 of the Dungeon
  9243 | D:10     | Killed an unseen horror
  9276 | D:10     | Found a glowing golden altar of the Shining One.
  9505 | D:10     | Reached skill level 14 in Axes
  9552 | D:10     | Got an iridescent long sword
  9562 | D:10     | Identified the +8 long sword "Reagis" {drain, +Fly rC- SInv
                  | Stlth+} (You found it on level 10 of the Dungeon)
  9932 | D:10     | Found a staircase to the Orcish Mines.
  9952 | D:10     | Found a roughly hewn altar of Beogh.
 10399 | Lair:1   | Entered Level 1 of the Lair of Beasts
 10399 | Lair:1   | Found a frozen archway.
 10408 | IceCv    | Entered an ice cave
 10417 | IceCv    | Reached XP level 11. HP: 99/99 MP: 10/10
 10436 | IceCv    | Reached skill level 1 in Shields
 10495 | IceCv    | Reached skill level 10 in Armour
 10504 | IceCv    | Reached skill level 10 in Fighting
 10507 | IceCv    | Reached skill level 5 in Dodging
 10998 | IceCv    | Noticed a frost giant
 11011 | IceCv    | Killed a frost giant
 11157 | IceCv    | Reached skill level 15 in Axes
 11975 | Lair:1   | Reached XP level 12. HP: 108/108 MP: 11/11
 12279 | Lair:1   | Reached ***** piety under Trog
 12296 | Lair:1   | Reached skill level 16 in Axes
 12672 | Lair:2   | Noticed a death yak
 12688 | Lair:2   | Killed a death yak
 12688 | Lair:2   | Reached skill level 5 in Shields
 12765 | Lair:2   | Received a gift from Trog
 13695 | Lair:3   | Found a staircase to the Swamp.
 13917 | Lair:3   | You fall into a shaft and drop 2 floors!
 13982 | Lair:5   | Noticed a catoblepas
 13985 | Lair:5   | Noticed a six-headed hydra
 13991 | Lair:5   | Killed a catoblepas
 13995 | Lair:5   | Killed a seven-headed hydra
 14580 | Lair:4   | Noticed a six-headed hydra
 14591 | Lair:4   | Killed a two-headed hydra
 14673 | Lair:4   | Found a burning altar of Makhleb.
 14810 | Lair:4   | Reached XP level 13. HP: 118/118 MP: 12/12
 14868 | Lair:4   | Found a hole to the Spider Nest.
 16550 | Lair:5   | Upgraded the game from 0.26-a0-668-gd58323b to
                  | 0.26-a0-669-gb5bd653
 16595 | Lair:6   | Entered Level 6 of the Lair of Beasts
 16732 | Lair:6   | Reached skill level 17 in Axes
 16964 | Lair:6   | Reached XP level 14. HP: 119/130 MP: 13/13
 16986 | Lair:6   | Received a gift from Trog
 17204 | Lair:6   | Reached skill level 10 in Shields
 17266 | Lair:6   | Reached skill level 1 in Throwing
 17266 | Lair:6   | Reached skill level 1 in Unarmed Combat
 17266 | Lair:6   | Reached skill level 1 in Spellcasting
 17266 | Lair:6   | Reached skill level 1 in Evocations
 17266 | Lair:6   | Reached XP level 15. HP: 130/138 MP: 13/15
 17302 | Lair:6   | Found a staircase to the Slime Pits.
 17609 | Lair:6   | Found a runed translucent door.
 17814 | Lair:6   | Reached skill level 18 in Axes
 18392 | Lair:6   | Reached skill level 15 in Armour
 18665 | Orc:1    | Entered Level 1 of the Orcish Mines
 18790 | Orc:1    | Reached skill level 15 in Fighting
 18808 | Orc:1    | Found a dark tunnel.
 18821 | Volcano  | Entered a volcano
 19225 | Volcano  | Found a bloodstained altar of Trog.
 20063 | Orc:2    | Entered Level 2 of the Orcish Mines
 20079 | Orc:2    | Found a staircase to the Elven Halls.
 20338 | Orc:2    | Noticed Nessos
 20369 | Orc:2    | Killed Nessos
 21663 | Orc:2    | Found Vycoe's Jewellery Shop.
 21663 | Orc:2    | Found Caesuck's Assorted Antiques.
 21665 | Orc:2    | Found Suusheve's Book Shoppe.
 21667 | Orc:2    | Found Rizxiop's Magic Scroll Boutique.
 21678 | Orc:2    | Bought a scroll of identify for 32 gold pieces
 21678 | Orc:2    | Bought 2 scrolls of remove curse for 96 gold pieces
 21678 | Orc:2    | Bought a scroll of identify for 32 gold pieces
 21685 | Orc:2    | Bought a scroll of remove curse for 105 gold pieces
 21685 | Orc:2    | Bought a scroll of identify for 70 gold pieces
 21685 | Orc:2    | Bought a scroll labeled YKKEANNASTRE for 35 gold pieces
 21685 | Orc:2    | Bought 2 scrolls of identify for 140 gold pieces
 21685 | Orc:2    | Bought a black potion for 31 gold pieces
 21685 | Orc:2    | Bought a ruby potion for 31 gold pieces
 21685 | Orc:2    | Bought a white potion for 31 gold pieces
 21690 | Orc:2    | Acquired a +2 pair of boots of stealth
 21918 | D:11     | Got a fine lapis lazuli ring
 22193 | D:11     | Noticed Maurice
 22205 | D:11     | Killed Maurice
 22280 | D:11     | Found a shimmering altar of Xom.
 22791 | D:11     | Upgraded the game from 0.26-a0-669-gb5bd653 to
                  | 0.26-a0-670-g578ab30
 22899 | D:12     | Identified the ring of Iliz {+Fly Int+4} (You found it on
                  | level 11 of the Dungeon)
 23370 | D:12     | Found a stormy altar of Qazlal.
 23716 | D:13     | Reached XP level 16. HP: 149/149 MP: 16/16
 24589 | D:13     | Found a gate to the Vaults.
 24645 | D:13     | Received a gift from Trog
 26066 | D:15     | Entered Level 15 of the Dungeon
 26797 | D:15     | Reached skill level 19 in Axes
 27078 | D:15     | Received a gift from Trog
 27279 | D:15     | Found a staircase to the Depths.
 28372 | Swamp:1  | Entered Level 1 of the Swamp
 29371 | Swamp:1  | Noticed Aizul
 29393 | Swamp:1  | Killed Aizul
 29818 | Swamp:1  | Reached XP level 17. HP: 160/160 MP: 17/17
 31096 | Swamp:3  | Received a gift from Trog
 32605 | Swamp:4  | Entered Level 4 of the Swamp
 33092 | Swamp:4  | Noticed Mara
 33095 | Swamp:4  | Noticed Mopster's illusion
 33106 | Swamp:4  | Killed Mara
 33943 | Swamp:4  | Upgraded the game from 0.26-a0-670-g578ab30 to
                  | 0.26-a0-672-g1df16c3
 34166 | Swamp:4  | Got a decaying rune of Zot
 34498 | Spider:1 | Entered Level 1 of the Spider Nest
 34504 | Spider:1 | Noticed Jorgrun
 34526 | Lair:4   | Killed Jorgrun
 34526 | Lair:4   | Reached skill level 15 in Shields
 35615 | Spider:2 | Reached XP level 18. HP: 166/173 MP: 18/18
 35933 | Spider:2 | Noticed Nikola
 36219 | Spider:2 | Killed from afar by Nikola

Illustrated notes

Levels and vault maps discovered:
D:1:      dpeg_arrival_rooms_c, layout_rooms
D:2:      layout_basic, lemuel_coloured_pillars_altar,
          chequers_ecumenical_altar_simple_redux, uniq_terence, uniq_robin
D:3:      layout_basic, ebering_ghost_sewer_d
D:4:      layout_layer_cave, kennysheep_mini_moat,
          gammafunk_temple_overflow_arena, nicolae_overflow_hidden_temple,
          yredelemnul_altar_generic, uniq_grinder
D:5:      layout_cave_pods, makhleb_grotto_becter, feat_on_display
D:6:      layout_loops_ring, led_sif_book
D:7:      layout_gridville, fiery_altar_vehumet, nicolae_ashenzari_panopticon,
          overflow_temple_1_default, minmay_temple_entry_junction_2,
          minmay_misc_feat_rows
D:8:      layout_rooms, uniq_joseph
D:9:      layout_roguey, dancing_weapons_uskayaw, david_lair_shrubbed
D:10:     layout_basic, minmay_orc_entry_temple_small, tso_metal_star
D:11:     layout_small_grid, basic_altar, uniq_maurice
D:12:     layout_irregular_city, nicolae_qazlal_style_of_elements
D:13:     layout_basic, david_vaults_1
D:14:     layout_roguey
D:15:     hangedman_depths_entry_civil_slaughter, layout_basic,
          nicolae_two_hexagons, minivault_7
Lair:1:   layout_chaotic_city, portal_ice_cave_entry_pillars_1
Lair:2:   layout_cave_pods, serial_bayou_ford_a, st_stairs_4
Lair:3:   layout_regular_city, swamp_mist_pool
Lair:4:   layout_cave_pods, spider_nest_entry_rubble, basic_altar
Lair:5:   layout_small_grid, serial_bayou_shore_a, grunt_megastairs_1
Lair:6:   wormcave, layout_loops_ring, minmay_slime_entry_eyes,
          grunt_megastairs_3
Swamp:1:  layout_falls_marsh, nicolae_swamp_trees_clearing, uniq_aizul
Swamp:2:  layout_falls_marsh, hangedman_swamp_lotus
Swamp:3:  layout_basic_swamp, hangedman_swamp_cone
Swamp:4:  swamp_basic_johnstein, layout_basic_swamp, uniq_mara
Spider:1: layout_spider_delve, drop_trap, uniq_jorgrun
Spider:2: layout_spider_delve, uniq_nikola
Spider:3: layout_spider_delve, drop_trap, worms_lemuel
Orc:1:    layout_caves, enter_volcano_4
Orc:2:    st_orc_rangers, layout_diamond_mine, gauntlet_entry_generic,
          uniq_nessos

Skill      XL: |  1  2  3  4  5  6  7  8  9 10 11 12 13 14 15 16 17 |
---------------+----------------------------------------------------+-----
Axes           | 4 5 6 8 10 12 14 15 16 17 18 19 | 19.5
Fighting       | 4 5 6 7 8 9 10 12 13 14 15 16 18 | 18.7
Dodging        | 3 4 5 6 7 9 |  9.2
Armour         | 3 4 6 7 9 11 13 14 15 16 17 | 17.4
Stealth        | 1 2 3 |  3.2
Shields        | 4 6 9 10 11 13 15 | 15.6
Throwing       | 1 |  1.5
Unarmed Combat | 1 |  1.7
Spellcasting   | 1 |  1.0
Evocations     | 1 |  1.4

Action                   |  1- 3 |  4- 6 |  7- 9 | 10-12 | 13-15 | 16-18 || total
-------------------------+-------+-------+-------+-------+-------+-------++-------
Melee: Hand axe          |    52 |   103 |    26 |       |       |       ||   181
       Headbutt          |     7 |    16 |    38 |   141 |   266 |   275 ||   743
       Battleaxe         |       |       |   152 |       |       |       ||   152
       Broad axe         |       |       |     3 |       |       |   708 ||   711
       War axe           |       |       |     5 |   484 |   874 |   303 ||  1666
Invok: Berserk           |     2 |     3 |    10 |    14 |    28 |    29 ||    86
       Trog's Hand       |       |     1 |     2 |     4 |     8 |    16 ||    31
       Brothers in Arms  |       |       |       |     2 |     5 |     8 ||    15
Evoke: Wand              |       |       |       |     1 |       |       ||     1
  Use: Scroll            |     2 |     1 |     7 |     8 |    20 |     8 ||    46
       Potion            |       |       |       |       |     1 |       ||     1
 Stab: Sleeping          |     2 |       |       |       |       |       ||     2
       Held in net/web   |       |       |       |       |     1 |       ||     1
Armor: Animal skin       |    11 |       |       |       |       |       ||    11
       Leather armour    |     2 |     3 |       |       |       |       ||     5
       Scale mail        |       |    30 |    16 |       |       |       ||    46
       Plate armour      |       |       |    91 |   324 |   324 |   406 ||  1145
Dodge: Dodged            |    37 |    47 |    73 |   135 |   256 |   422 ||   970
Block: Kite shield       |       |       |       |   182 |   489 |   589 ||  1260

Table legend: (Time is in decaauts)
 A = Elapsed time spent in this place.
 B = Non-inter-level travel time spent in this place.
 C = Inter-level travel time spent in this place.
 D = Time resting spent in this place.
 E = Time spent auto-exploring this place.
 F = Levels seen in this place.
 G = Mean time per level.
                   A        B        C        D        E       F      G
               +--------+--------+--------+--------+--------+-----+--------+
         Total |  36782 |  30986 |   5796 |   7146 |  16113 |  32 | 1149.4 |
       Dungeon |  16995 |  14398 |   2597 |   2761 |   8985 |  15 | 1133.0 |
          Lair |   7077 |   5570 |   1507 |    580 |   3769 |   6 | 1179.5 |
         Swamp |   6358 |   5551 |    807 |   2003 |   2059 |   4 | 1589.5 |
   Spider Nest |   1494 |   1217 |    277 |    605 |    221 |   3 |  498.0 |
  Orcish Mines |   2636 |   2030 |    606 |    578 |    795 |   2 | 1318.0 |
      Ice Cave |   1488 |   1488 |      0 |    581 |    120 |   1 | 1488.0 |
       Volcano |    731 |    731 |      0 |     36 |    162 |   1 |  731.0 |
               +--------+--------+--------+--------+--------+-----+--------+

Top non-repeatable levels by time:
 Swamp:1: 1933 daAuts
  Lair:6: 1855 daAuts
 Swamp:4: 1654 daAuts
    D:15: 1553 daAuts
 Swamp:3: 1510 daAuts
  Lair:4: 1506 daAuts
    D:13: 1501 daAuts
   IceCv: 1488 daAuts
   Orc:1: 1384 daAuts
     D:4: 1335 daAuts
    D:10: 1329 daAuts
     D:7: 1302 daAuts
    D:14: 1270 daAuts
 Swamp:2: 1259 daAuts
     D:5: 1256 daAuts
